 Dungeon Crawl Stone Soup version 0.31-a0-1-g4198be8af4 (webtiles) character file.

Game seed: 15682652377007938655

1770 cheesebisquit the Covered (level 8, -3/72 HPs)
             Began as an Armataur Fighter on May 1, 2023.
             Was an Initiate of Makhleb.
             Succumbed to a killer bee's poison
             ... on level 6 of the Dungeon.
             The game lasted 00:17:13 (5579 turns).

cheesebisquit the Covered (Armataur Fighter)        Turns: 5579, Time: 00:17:14

Health: -3/72      AC: 12    Str: 25    XL:     8   Next: 80%
Magic:  9/9        EV:  6    Int:  8    God:    Makhleb [......]
Gold:   275        SH:  5    Dex:  9    Spells: 7/7 levels left

rFire   . . .        a - +0 flail
rCold   . . .        c - +0 buckler
rNeg    . . .        s - +0 chain mail
rPois   .            t - +2 hat
rElec   .            (no cloak)
rCorr   .            v - +0 pair of gloves
SInv    +            (no barding)
Will    +....        (no amulet) Stlth
                     j - ring of see invisible
HPRegen 0.32/turn    x - ring of willpower
MPRegen 0.11/turn

%: roll
@: lethally poisoned (-3 -> -34), studying 2 skills
A: large, rugged brown scales 3, deformed body, armoured tail, roll, long
tongue, awkward tongue
a: Renounce Religion


You were on level 6 of the Dungeon.
You worshipped Makhleb.
Makhleb was noncommittal.
You visited 2 branches of the dungeon, and saw 8 of its levels.

You collected 275 gold pieces.

Inventory:

Hand Weapons
 a - a +0 flail (weapon)
 y - a +0 arbalest
Missiles
 o - a throwing net (quivered)
 p - 5 poisoned darts
Armour
 c - a +0 buckler (worn)
 s - a +0 chain mail (worn)
 t - a +2 hat (worn)
 v - a +0 pair of gloves (worn)
Jewellery
 j - a ring of see invisible (left hand)
 l - a ring of protection from cold
 x - a ring of willpower (right hand)
Wands
 w - a wand of quicksilver (9)
 B - a wand of flame (6)
 C - a wand of iceblast (10)
Scrolls
 d - a scroll of blinking
 f - a scroll of brand weapon
 g - a scroll of enchant weapon
 h - 2 scrolls of magic mapping
 m - a scroll of vulnerability
 n - a scroll of noise {unknown}
 r - 2 scrolls of poison
 u - 4 scrolls of teleportation
Potions
 b - a potion of brilliance
 e - 3 potions of mutation
 i - 2 potions of resistance
 k - 2 potions of curing
 q - 2 potions of heal wounds
 z - a potion of haste
 A - a potion of attraction


   Skills:
 + Level 5.3 Fighting
 * Level 6.7 Maces & Flails
 + Level 7.0 Armour
 + Level 6.3 Shields
 + Level 1.5 Invocations


You had 7 spell levels left.
You didn't know any spells.
Your spell library contained the following spells:

 Spells                   Type           Power      Damage    Failure   Level
 Sandblast                Erth           0%         2d4       93%         1
 Slow                     Hex            0%         N/A       93%         1
 Passwall                 Tmut/Erth      0%         N/A       98%         2
 Call Canine Familiar     Summ           0%         N/A       100%        3
 Confusing Touch          Hex            0%         N/A       100%        3
 Portal Projectile        Hex/Tloc       0%         N/A       100%        3
 Stone Arrow              Conj/Erth      0%         3d7       100%        3
 Vampiric Draining        Necr           0%         2d6       100%        3
 Leda's Liquefaction      Hex/Erth       0%         N/A       100%        4
 Fireball                 Conj/Fire      0%         3d3       100%        5
 Iskenderun's Battlesphe  Conj           0%         2d6       100%        5
 Conjure Ball Lightning   Conj/Air       0%         3x3d6     100%        6
 Orb of Destruction       Conj           0%         9d5       100%        7


Dungeon Overview and Level Annotations

Branches:
Dungeon (7/15)             Temple (1/1) D:5

Altars:
Cheibriados
Dithmenos
Elyvilon
Fedhas
Gozag
Hepliaklqana
Kikubaaqudgha
Makhleb
Nemelex Xobeh
Okawaru
Qazlal
Ru
Sif Muna
Uskayaw
Vehumet
Wu Jian
Xom
Zin
The Shining One

Shops:
D:1 ::   D:6 :[

Annotations:
D:4 3 runed translucent doors, Jase's ghost, novice FoFi


Innate Abilities, Weirdness & Mutations

You are completely covered in rugged brown scales. (AC +3, +7% HP)
Armour fits poorly on your strangely shaped body.
You have a long armoured tail.
You roll when moving toward enemies. (Rampage)
Your long tongue fully drains potion bottles. (2x potion effects)
Your tongue gives you trouble enunciating. (1.5x scroll delay)


Message History

The killer bee stings you but does no damage. x2
You block the killer bee's attack. The killer bee stings you.
You are more poisoned.
The killer bee poisons you!
Okay, then.
You feel very sick.
The killer bee stings you but does no damage. x2
The killer bee attacks as you move away!
The killer bee closely misses you.
You feel very sick. You block the killer bee's attack.
The killer bee stings you.
The killer bee stings you but does no damage.
The killer bee attacks as you move away!
The killer bee stings you!
You feel very sick. You block the killer bee's attack.
The killer bee stings you but does no damage. x2
The killer bee attacks as you move away!
You block the killer bee's attack.
You feel very sick. You block the killer bee's attack.
The killer bee stings you.
You are more poisoned.
The killer bee poisons you! The killer bee closely misses you.
You feel very sick. The killer bee stings you. x2
There is a stone staircase leading up, spattered with blood here.
You feel very sick. The killer bee stings you.
* * * LOW HITPOINT WARNING * * *
You are lethally poisoned!
The killer bee poisons you! The killer bee barely misses you.
You block the killer bee's attack. The killer bee stings you.
* * * LOW HITPOINT WARNING * * *
The killer bee stings you but does no damage.
The killer bee stings you!
* * * LOW HITPOINT WARNING * * *
You are more poisoned.
The killer bee poisons you!
You climb upwards.
You die...

# # ########### #
#.........# #
#...#.#.#.## #
#.#........# #
#.###.#.#.##
#########.##.......#
..#.......###รท#y#y##
..#.#####.##....@..#
....#.......#[#.#y##
......#....#####.##
..#.#......# #.#
..#.#####.## #.#
..#.......# #.#
....####### #.# <####
#.# .# ####### #.#


You could see 3 killer bees.

Vanquished Creatures
  Duvessa (D:5)
  2 black bears
  2 ice beasts (D:5)
  An ogre (D:5)
  2 centaurs (D:5)
  3 scorpions (D:5)
  Dowan (D:5)
  4 orc priests
  4 hounds
  A gnoll bouda (D:6)
  3 jellies
  5 iguanas
  A sleepcap (D:5)
  3 orc wizards
  9 adders
  4 gnolls (D:3)
  2 ufetubi
  7 dart slugs
  A worm (D:2)
  18 orcs
  4 bats
  9 endoplasms
  2 giant cockroaches
  8 goblins
  3 hobgoblins
  2 quokkas
  7 ball pythons
  2 frilled lizards
  13 kobolds
  6 rats
130 creatures vanquished.

Notes
Turn   | Place    | Note
-------+----------+-------------------------------------------
     0 | D:1      | cheesebisquit the Armataur Fighter began the quest for the
                  | Orb.
     0 | D:1      | Reached XP level 1. HP: 19/19 MP: 1/1
   141 | D:1      | Found Neigiap's Book Shoppe.
   318 | D:1      | Reached XP level 2. HP: 22/26 MP: 2/2
   695 | D:1      | Found Ogicle's Book Shop.
   897 | D:2      | Reached XP level 3. HP: 21/28 MP: 3/3
   992 | D:2      | Reached skill level 4 in Armour
  1516 | D:3      | Reached XP level 4. HP: 21/40 MP: 4/4
  1750 | D:3      | Reached XP level 5. HP: 43/48 MP: 5/5
  2214 | D:4      | Reached XP level 6. HP: 28/55 MP: 6/6
  2303 | D:4      | Reached skill level 5 in Armour
  2581 | D:4      | Found a runed translucent gate.
  2581 | D:4      | Found a runed translucent gate.
  2581 | D:4      | Found a runed translucent gate.
  2582 | D:4      | Noticed Jase's ghost (novice FoFi)
  2946 | D:5      | Entered Level 5 of the Dungeon
  3097 | D:5      | Reached XP level 7. HP: 44/63 MP: 7/7
  3101 | D:5      | Reached skill level 5 in Shields
  3213 | D:5      | Reached skill level 5 in Maces & Flails
  3573 | D:5      | Reached skill level 6 in Armour
  3579 | D:5      | Reached XP level 8. HP: 34/71 MP: 8/8
  3738 | D:5      | Found a staircase to the Ecumenical Temple.
  3749 | Temple   | Entered the Ecumenical Temple
  3817 | Temple   | Became a worshipper of Makhleb the Destroyer
  4073 | D:5      | Noticed Dowan
  4073 | D:5      | Noticed Duvessa
  4091 | D:5      | Killed Duvessa
  4108 | D:5      | Killed Dowan
  4109 | D:5      | Reached skill level 5 in Fighting
  4690 | D:6      | Reached skill level 1 in Invocations
  4957 | D:6      | Found a shadowy altar of Dithmenos.
  4967 | D:6      | Found Onaec's Tiny Tomes.
  5203 | D:6      | Reached skill level 7 in Armour
  5502 | D:6      | Found Ishroso's Antique Armour Boutique.
  5579 | D:6      | Succumbed to a killer bee's poison

Illustrated notes

Levels and vault maps discovered:
D:1:      scummos_arrival_hexagon, layout_basic, serial_shops,
          nicolae_book_shop_shelving, shop, minmay_circled_x
D:2:      layout_rooms
D:3:      layout_rooms
D:4:      layout_rooms, ebering_ghost_rock_garden, grunt_decor_junction,
          minmay_manual_mail
D:5:      minmay_bubble_buster, layout_gridville,
          minmay_temple_entry_sparse_star, minmay_manual_mares, uniq_duvessa
D:6:      layout_loops_cross, nicolae_dithmenos_shadow_blocks, serial_shops,
          nicolae_shop_behind_doors, nicolae_shop_i_like_small_books_too,
          st_stairs_8
D:7:      layout_cave_pools, uniq_menkaure, uniq_crazy_yiuf_cottage
Temple:   dpeg_three_leaves_temple

Skill      XL: |  1  2  3  4  5  6  7  8 |
---------------+-------------------------+-----
Maces & Flails | 2 3 4 5 6 |  6.7
Armour         | 4 5 6 7 |  7.0
Fighting       | 3 4 5 |  5.3
Shields        | 4 5 6 |  6.3
Invocations    | 1 |  1.5

Action                     |  1- 3 |  4- 6 |  7- 9 || total
---------------------------+-------+-------+-------++-------
  Melee: Flail             |   102 |   154 |   197 ||   453
         Tailslap          |    10 |    22 |    20 ||    52
    Use: Scroll            |       |       |    15 ||    15
         Potion            |       |       |     1 ||     1
 Armour: Scale mail        |    40 |     7 |       ||    47
         Chain mail        |       |    81 |   151 ||   232
  Dodge: Dodged            |    38 |    42 |    68 ||   148
  Block: Buckler           |    11 |    34 |    58 ||   103

Table legend: (Time is in decaauts)
 A = Elapsed time spent in this place.
 B = Non-inter-level travel time spent in this place.
 C = Inter-level travel time spent in this place.
 D = Time resting spent in this place.
 E = Time spent auto-exploring this place.
 F = Levels seen in this place.
 G = Mean time per level.
                   A        B        C        D        E       F      G
               +--------+--------+--------+--------+--------+-----+--------+
         Total |   5679 |   5317 |    362 |    151 |   4151 |   8 |  709.9 |
       Dungeon |   5598 |   5250 |    348 |    151 |   4095 |   7 |  799.7 |
        Temple |     80 |     66 |     14 |      0 |     56 |   1 |   80.0 |
               +--------+--------+--------+--------+--------+-----+--------+

Top non-repeatable levels by time:
     D:5: 1559 daAuts
     D:6: 1015 daAuts
     D:1: 849 daAuts
     D:3: 777 daAuts
     D:4: 776 daAuts
     D:2: 606 daAuts
  Temple: 80 daAuts
     D:7: 12 daAuts
